 Dungeon Crawl Stone Soup version 0.28-a0-239-g68911e0c57 (webtiles) character file.

Game seed: 17570648607997776566

233 Conn the Firebug (level 6, -1/37 HPs)
             Began as an Octopode Fire Elementalist on Aug 23, 2021.
             Succumbed to Crazy Yiuf's poison
             ... on level 2 of the Dungeon.
             The game lasted 00:09:27 (3645 turns).

Conn the Firebug (Octopode Fire Elementalist)       Turns: 3645, Time: 00:09:28

Health: -1/37      AC:  1    Str:  7    XL:     6   Next: 5%
Magic:  1/10       EV: 13    Int: 19    God:
Gold:   93         SH:  0    Dex: 13    Spells: 2/11 levels left

rFire   . . .      SeeInvis .   c - +2 dagger (speed)
rCold   . . .      Faith    .   (no shield)
rNeg    . . .      Spirit   .   (helmet restricted)
rPois   .          Reflect  .   (no amulet)
rElec   .          Harm     .   (no ring)
rCorr   .          Rampage  .   (no ring)
Will    .....                   (no ring)
Stlth   +++.......              (no ring)
HPRegen 0.12/turn               (no ring)
MPRegen 0.12/turn               (no ring)
                                (no ring)
                                (no ring)

@: lethally poisoned (-1 -> -26), very slightly contaminated
A: almost no armour, amphibious, 8 rings, camouflage 1, gelatinous body 1,
(nimble swimmer 1), tentacles
a: no special abilities


You were on level 2 of the Dungeon.
You visited 1 branch of the dungeon, and saw 3 of its levels.

You collected 93 gold pieces.

Inventory:

Hand Weapons
 a - a +0 dagger
 c - a +2 dagger of speed (weapon)
Magical Staves
 h - a staff of poison
Wands
 k - a wand of digging (7)
Scrolls
 e - a scroll of magic mapping {unknown}
 f - a scroll of enchant armour {unknown}
 g - a scroll of vulnerability {unknown}
 i - a scroll of teleportation {unknown}
 j - 2 scrolls of torment
Potions
 b - a potion of brilliance
 l - a potion of flight


   Skills:
 + Level 0.7 Fighting
 + Level 1.4 Short Blades
 + Level 2.4 Dodging
 + Level 3.9 Stealth
 + Level 3.0 Spellcasting
 + Level 2.2 Conjurations
 * Level 1.5 Translocations
 + Level 4.0 Fire Magic


You had 2 spell levels left.
You knew the following spells:

 Your Spells              Type           Power      Damage    Failure   Level
a - Foxfire               Conj/Fire      56%        2x1d6     4%          1
b - Conjure Flame         Conj/Fire      14%        6-21      13%         3
c - Inner Flame           Hex/Fire       10%        N/A       21%         3
f - Blink                 Tloc           N/A        N/A       12%         2

Your spell library contained the following spells:

 Spells                   Type           Power      Damage    Failure   Level
 Sticky Flame             Conj/Fire      14%        2d4       38%         4
 Fireball                 Conj/Fire      7%         3d5       75%         5
 Manifold Assault         Tloc           8%         N/A       91%         5
 Storm Form               Tmut/Air       1%         N/A       100%        7
 Chain Lightning          Conj/Air       3%         3d4       100%        9
 Fire Storm               Conj/Fire      7%         8d2       100%        9


Dungeon Overview and Level Annotations

Branches:
Dungeon (3/15)

Altars:

Annotations:
D:2 Crazy Yiuf


Innate Abilities, Weirdness & Mutations

You cannot wear most types of armour.
You are amphibious.
You can wear up to eight rings at the same time.
Your skin changes colour to match your surroundings (Stealth+).
Your rubbery body absorbs attacks. (AC +1, EV +1)
((You are camouflaged near water. (Stealth+)))
You have tentacles for arms and can constrict up to eight enemies at once.


Message History

Casting: Foxfire (safe; 4% risk of failure)
Confirm with . or Enter, or press ? or * to list all spells.
The spell is quite dangerous to cast (21% risk of failure)!
Continue anyway?
Aiming: Inner Flame (quite dangerous; 21% risk of failure)
Press: ? - help, Shift-Dir - straight line, f - Crazy Yiuf
Aim: Crazy Yiuf, wielding a +3 quarterstaff of chaos, wearing a +2 cloak and carrying a wand of flame (16) (wandering, hasn't noticed you, chance to affect: 67%)
You miscast Inner Flame.
You are very lightly contaminated with residual magic.
The air around you crackles with energy.
You feel yourself slow down.
Crazy Yiuf shouts!
Casting: Inner Flame (quite dangerous; 21% risk of failure)
Confirm with . or Enter, or press ? or * to list all spells.
The spell is quite dangerous to cast (21% risk of failure)!
Continue anyway?
Aiming: Inner Flame (quite dangerous; 21% risk of failure)
Press: ? - help, Shift-Dir - straight line, f/p - Crazy Yiuf
Aim: Crazy Yiuf, wielding a +3 quarterstaff of chaos, wearing a +2 cloak and carrying a wand of flame (16) (chance to affect: 67%) Crazy Yiuf struggles to resist.
Crazy Yiuf zaps a wand.
The puff of flame hits you!
Casting: Inner Flame (quite dangerous; 21% risk of failure)
Confirm with . or Enter, or press ? or * to list all spells.
The spell is quite dangerous to cast (21% risk of failure)!
Continue anyway?
Aiming: Inner Flame (quite dangerous; 21% risk of failure)
Press: ? - help, Shift-Dir - straight line, f/p - Crazy Yiuf
Aim: Crazy Yiuf, wielding a +3 quarterstaff of chaos, wearing a +2 cloak and carrying a wand of flame (15) (chance to affect: 67%) Crazy Yiuf struggles to resist.
Okay, then.
You feel yourself speed up.
Crazy Yiuf hits you with a +3 quarterstaff of chaos!
* * * LOW HITPOINT WARNING * * *
You are lethally poisoned!
Unknown command.
Okay, then.
Blink to where?
Press: ? - help, Dir - move target, p - Crazy Yiuf
As you read the scroll of blinking, it crumbles to dust.
* * * LOW HITPOINT WARNING * * *
You feel extremely sick.
Okay, then.
You die...

.### ##P..#
##.#g....######.#.# ...#
#PP..# #.#.....# ###..##
...# ##..## #.......#
#....# ...#
#....######.....# #.#.##
.### #...##...##.....#
#.### ...#
##..##........### #.#
...#
##.###.......######.#
...#
####.###...#..........#
...#
#......#..#@#ยง.########
...# #.##.#.....#...#
...# #.##.#.#....(..####
...# #.##..............#
...# #.####.##.#..#.##.#
...###..............##.#
#........#######.#####.#
#..##.).....# #.#####.#
#..##....##.# #.......#


There were no monsters in sight!

Vanquished Creatures
  Sigmund (D:3)
  A hound skeleton (D:3)
  2 adders
  A worm (D:3)
  2 dart slugs (D:3)
  3 ball pythons (D:1)
  2 endoplasms
  3 giant cockroaches
  4 goblins
  4 hobgoblins (D:1)
  8 kobolds
  2 quokkas
  4 bats
  3 frilled lizards
  8 rats
  A spectral kobold (D:1)
49 creatures vanquished.

Vanquished Creatures (others)
  124 foxfires
124 creatures vanquished.

Grand Total: 173 creatures vanquished

Notes
Turn   | Place    | Note
-------+----------+-------------------------------------------
     0 | D:1      | Conn the Octopode Fire Elementalist began the quest for the
                  | Orb.
     0 | D:1      | Reached XP level 1. HP: 11/11 MP: 3/3
    35 | D:1      | Found a faded altar of an unknown god.
   216 | D:1      | Reached XP level 2. HP: 17/17 MP: 5/5
   374 | D:1      | You fall into a shaft and drop 1 floor!
   808 | D:1      | Reached XP level 3. HP: 21/21 MP: 2/6
   916 | D:1      | Learned a level 3 spell: Conjure Flame
  2137 | D:2      | Found a runed translucent door.
  2138 | D:2      | Noticed Crazy Yiuf
  2355 | D:2      | Learned a level 2 spell: Blink
  3018 | D:3      | Noticed Sigmund
  3031 | D:3      | Killed Sigmund
  3032 | D:3      | Reached skill level 1 in Short Blades
  3032 | D:3      | Reached skill level 1 in Translocations
  3032 | D:3      | Reached skill level 4 in Fire Magic
  3032 | D:3      | Reached XP level 4. HP: 15/27 MP: 1/8
  3032 | D:3      | Reached XP level 5. HP: 18/32 MP: 1/9
  3485 | D:3      | Reached XP level 6. HP: 32/37 MP: 10/10
  3602 | D:3      | Learned a level 3 spell: Inner Flame
  3645 | D:2      | Succumbed to Crazy Yiuf's poison

Illustrated notes

Levels and vault maps discovered:
D:1:      amcnicky_arrival_single_pillar, layout_loops_corners,
          dreamdust_ecumenical_altar_drowned_temple, bh_walls_and_bars
D:2:      layout_loops_cross, st_stairs_14, uniq_crazy_yiuf_cottage
D:3:      layout_rooms, chequers_serial_rivers_micro_e, uniq_sigmund

Skill      XL: |  1  2  3  4  5 |
---------------+----------------+-----
Stealth        | 3 |  3.9
Short Blades   | 1 |  1.4
Conjurations   | 2 |  2.2
Translocations | 1 |  1.5
Fire Magic     | 4 |  4.0
Spellcasting   | 3 |  3.0
Fighting       | |  0.7
Dodging        | |  2.4

Action                   |  1- 3 |  4- 6 || total
-------------------------+-------+-------++-------
Melee: Dagger            |    40 |     6 ||    46
       Constrict         |     8 |     1 ||     9
       Tentacles         |     3 |     1 ||     4
 Cast: Foxfire           |    57 |    18 ||    75
       Conjure Flame     |     1 |       ||     1
       Inner Flame       |       |     2 ||     2
  Use: Scroll            |     3 |     2 ||     5
       Potion            |     2 |       ||     2
 Stab: Sleeping          |     6 |       ||     6
Armor: Skin              |     3 |       ||     3
Dodge: Dodged            |    30 |     4 ||    34

Table legend: (Time is in decaauts)
 A = Elapsed time spent in this place.
 B = Non-inter-level travel time spent in this place.
 C = Inter-level travel time spent in this place.
 D = Time resting spent in this place.
 E = Time spent auto-exploring this place.
 F = Levels seen in this place.
 G = Mean time per level.
                   A        B        C        D        E       F      G
               +--------+--------+--------+--------+--------+-----+--------+
         Total |   3636 |   3586 |     50 |    459 |   2357 |   3 | 1212.0 |
       Dungeon |   3636 |   3586 |     50 |    459 |   2357 |   3 | 1212.0 |
               +--------+--------+--------+--------+--------+-----+--------+

Top non-repeatable levels by time:
     D:1: 1865 daAuts
     D:2: 1039 daAuts
     D:3: 731 daAuts
